AoeStats
← Acloudis

Highland

504651718Analyzed
2v2 RM · 27d ago on Sep 6, 2026· 42m 46s· 4 players
Game mode
Random Map
Map size
Medium (4 player)
Population
200
Speed
Normal
Resources
Standard
Victory
Conquest
Starting age
Dark Age
Ending age
Imperial Age
RankedLock teamsTeams togetherTeam positionsShared explorationLock speedFull tech treeHidden civsTurbo modeCheats
Victory
Defeat
🇺🇸 Mongols · United States
918
+19
🇺🇸 Huns · United States
918
+19
🇺🇸 Mongols · United States
1014
-20
🇳🇿 Chinese · New Zealand
964
-18
shephajona
0:33 Loom
9:58 Feudal Age
22:05 Fletching
26:09 Castle Age
24:55 Double-Bit Axe
26:47 Scale Barding Armor
27:35 Wheelbarrow
26:59 Bodkin Arrow
30:33 Forging
32:58 Bloodlines
34:41 Hand Cart
36:36 Chain Barding Armor
41:40 Imperial Age
40:33 Gold Mining
40:39 Town Watch
42:52 Iron Casting
41:55 Cavalier
DressComic11760
10:23 Feudal Age
9:46 Loom
11:36 Double-Bit Axe
22:08 Castle Age
23:07 Squires
22:28 Pikeman
26:29 Town Watch
28:31 Husbandry
31:33 Scale Barding Armor
32:55 Bloodlines
33:28 Gold Mining
34:59 Forging
35:26 Town Patrol
37:15 Gold Shaft Mining
37:59 Chain Barding Armor
38:51 Wheelbarrow
39:02 Stone Mining
Acloudis
9:59 Feudal Age
10:21 Horse Collar
10:29 Double-Bit Axe
13:54 Bloodlines
15:07 Scale Mail Armor
16:25 Forging
18:44 Scale Barding Armor
20:49 Wheelbarrow
25:01 Castle Age
24:06 Fletching
24:17 Padded Archer Armor
25:26 Gold Mining
26:00 Husbandry
25:21 Light Cavalry
25:24 Elite Skirmisher
26:46 Bodkin Arrow
28:17 Hand Cart
28:35 Loom
29:04 Town Watch
30:10 Thumb Ring
30:25 Bow Saw
31:05 Heavy Plow
35:02 Chain Barding Armor
37:39 Leather Archer Armor
38:01 Iron Casting
37:03 Pikeman
37:43 Squires
43:07 Ballistics
Hot Line Ming [No Mic No Sound]
9:26 Feudal Age
14:14 Bloodlines
18:31 Man-at-Arms
23:27 Arson
24:05 Scale Barding Armor
28:24 Castle Age
27:21 Horse Collar
28:19 Forging
28:25 Scale Mail Armor
30:55 Iron Casting
30:23 Padded Archer Armor
30:44 Heavy Plow
30:12 Pikeman
30:53 Squires
30:26 Light Cavalry
31:06 Husbandry
31:18 Thumb Ring
32:12 Wheelbarrow
32:28 Gold Mining
33:47 Leather Archer Armor
33:23 Fletching
34:46 Double-Bit Axe
37:49 Bow Saw
41:30 Imperial Age
40:15 Hand Cart
39:46 Town Watch
39:47 Loom
40:43 Gold Shaft Mining
40:05 Bodkin Arrow
42:13 Town Patrol
Connection lost

Rejoining the realm…

Still unreachable

The connection could not be restored.

Session expired

The server has moved on; the page needs a fresh start.